 Dungeon Crawl Stone Soup version 0.26-a0-1101-g8f9f7f7418 (webtiles) character file.

Game seed: 11792863726837129501

153767 Dracia the Impaler (level 17, -3/131 HPs)
             Began as a Merfolk Gladiator on Dec 15, 2020.
             Was a High Priest of Okawaru.
             Slain by an alligator snapping turtle (29 damage)
             ... on level 4 of the Shoals.
             The game lasted 01:31:26 (40086 turns).

Dracia the Impaler (Merfolk Gladiator)             Turns: 40086, Time: 01:31:27

Health: -3/131     AC: 31    Str: 16    XL:     17   Next: 31%
Magic:  19/25      EV: 12    Int: 11    God:    Okawaru [*****.]
Gold:   2075       SH: 15    Dex: 20    Spells: 27/27 levels left

rFire    . . .     SeeInvis +   a - +3 trident (vamp)
rCold    + . .     Faith    .   U - +0 kite shield {reflect}
rNeg     . . .     Spirit   .   y - +3 crystal plate armour
rPois    .         Reflect  +   c - +2 helmet
rElec    .         Harm     .   V - scarf {repulsion}
rCorr    .         Rampage  .   j - +0 pair of gloves
Will     ++...                  (boots currently unavailable)
Stlth    +.........             (no amulet)
HPRegen  0.31/turn              v - ring of see invisible
MPRegen  0.19/turn              T - ring of Qofuto {Wiz Will+ Dex+3 Stlth+}

@: heroism, finesse, mesmerised, repel missiles, very quick
A: change form in water, swift swim, stealthy swim, cold resistance 1, wild
magic 1
}: 1/15 runes: barnacled
a: Heroism, Finesse, Renounce Religion


You were on level 4 of the Shoals.
You worshipped Okawaru.
Okawaru was extremely pleased with you.
You visited 5 branches of the dungeon, and saw 24 of its levels.

You collected 2127 gold pieces.
You spent 52 gold pieces at shops.


Innate Abilities, Weirdness & Mutations

You revert to your normal form in water.
You are very nimble and swift while swimming.
You are very stealthy in the water. (Stealth+)
Your flesh is cold resistant. (rC+)
Your spells are a little harder to cast, but a little more powerful.


   Skills:
 - Level 11.2(16.2) Fighting
 - Level 16.7(21.7) Polearms
 - Level 2.0(7.0) Throwing
 - Level 10.0(15.0) Armour
 - Level 12.0(17.0) Dodging
 - Level 8.9(13.9) Stealth
 + Level 13.3(18.3) Shields
 - Level 5.5 Spellcasting
 - Level 11.9 Invocations
 - Level 10.0 Evocations


You had 27 spell levels left.
You didn't know any spells.
Your spell library contained the following spells:

 Spells                   Type           Power        Failure   Level
 Magic Dart               Conj           #...         100%        1
 Shock                    Conj/Air       #...         100%        1
 Sting                    Tmut/Pois      #...         100%        1
 Blink                    Tloc           N/A          100%        2
 Call Imp                 Summ           #.......     100%        2
 Poisonous Vapours        Pois/Air       #.....       100%        2
 Slow                     Hex            #.......     100%        2
 Conjure Flame            Conj/Fire      #.......     100%        3
 Ignite Poison            Fire/Tmut/Pois #.......     100%        3
 Mephitic Cloud           Conj/Pois/Air  #.......     100%        3
 Olgreb's Toxic Radiance  Pois           #.......     100%        4
 Summon Lightning Spire   Summ/Air       #.......     100%        4
 Fireball                 Conj/Fire      #.........   100%        5
 Silence                  Hex/Air        #.........   100%        5
 Conjure Ball Lightning   Conj/Air       #.........   100%        6
 Starburst                Conj/Fire      #.........   100%        6
 Ignition                 Fire           #.........   100%        8
 Tornado                  Air            #.........   100%        9

Inventory:

Hand Weapons
 a - a +3 vampiric trident (weapon)
 b - a +4 trident of venom
 o - the +8 hunting sling "Baimoick" {venom, *Drain Int+8}
   (Okawaru gifted it to you on level 6 of the Lair of Beasts)

   It poisons the ammo it fires.
   It affects your intelligence (+8).
   It causes draining when unequipped.
 E - the +5 scythe "Finisher" {speed, eviscerate}
   (You found it on level 6 of the Lair of Beasts)

   Attacks with this weapon are significantly faster.
 Y - a +3 trident of freezing
Missiles
 d - 5 throwing nets {=f=f}
 g - 41 poisoned darts (quivered)
Armour
 c - a +2 helmet (worn)
 j - a +0 pair of gloves (worn)
 l - the +1 ring mail "Qafifept" {*Corrode rPois Regen+ Stlth+}
   (Okawaru gifted it to you on level 1 of the Lair of Beasts)

   It protects you from poison.
   It increases your rate of regeneration.
   It may corrode you when you take damage.
   It makes you more stealthy.
 x - a +0 pair of boots (melded)
 y - a +3 crystal plate armour (worn)
 K - a +2 scale mail of fire resistance
 U - a +0 kite shield of reflection (worn)
 V - a scarf of repulsion (worn)
Magical Staves
 X - an uncursed staff of conjuration {!a!a, unknown}
Jewellery
 u - an uncursed amulet of magic regeneration
 v - a ring of see invisible (left hand)
 B - a +4 ring of protection
 N - an uncursed ring of positive energy
 O - a +4 ring of protection
 P - an uncursed amulet of reflection
 R - an uncursed ring of resist corrosion
 S - a +6 ring of strength
 T - the ring of Qofuto (right hand) {Wiz Will+ Dex+3 Stlth+}
   (You took it off a merfolk siren on level 2 of the Shoals)

   [ring of wizardry]

   It improves your spell success rate.
   It affects your dexterity (+3).
   It affects your willpower, your defense against some magical effects.
   It makes you more stealthy.
 W - the ring of Hamev {+Fly Int+4}
   (You found it on level 2 of the Shoals)

   [ring of flight]

   It affects your intelligence (+4).
   It lets you fly.
Wands
 q - a wand of iceblast (9)
 r - a wand of flame (48)
 A - a wand of paralysis (20)
 D - a wand of random effects (19)
 M - a wand of acid (6)
 Q - a wand of polymorph (15)
Scrolls
 f - 6 scrolls of identify {@r1@r1}
 h - 13 scrolls of teleportation {@r4@r4}
 k - 13 scrolls of remove curse {@r2@r2}
 t - 3 scrolls of fear
 G - 5 scrolls of fog
 J - 4 scrolls of magic mapping
 L - 2 scrolls of amnesia
Potions
 e - a potion of haste {@q3@q3}
 i - 5 potions of curing {@q1@q1}
 m - 4 potions of brilliance
 n - 7 potions of might
 p - 3 potions of lignification
 z - a potion of resistance
 C - a potion of cancellation
 H - 3 potions of flight
 I - 3 potions of attraction
Miscellaneous
 s - a phantom mirror
 w - a condenser vane

Dungeon Overview and Level Annotations

Branches:
Dungeon (11/15)            Temple (1/1) D:7            Lair (6/6) D:11
 Shoals (4/4) Lair:4        Snake (0/4) Lair:4        Slime (0/5) Lair:6
    Orc (2/2) D:9             Elf (0/3) Orc:2

Altars:
Ashenzari
Dithmenos
Elyvilon
Fedhas
Gozag
Hepliaklqana
Kikubaaqudgha
Makhleb
Nemelex Xobeh
Okawaru
Qazlal
Ru
Sif Muna
Trog
Uskayaw
Vehumet
Wu Jian
Xom
Yredelemnul
Zin
Beogh
Jiyva

Shops:
D:5 *   D:8 ?   D:11 :*(:   Orc:2 ((!:   Shoals:4 *

Annotations:
D:6 3 runed translucent doors, vurker's ghost, novice GnEn
D:9 1 runed translucent door
Lair:3 exclusion: 2 oklob plants
Orc:2 1 runed translucent door, PanSaczeczos's ghost, journeyman TeFE

≈≈≈≈≈'∩'≈≈≈≈≈≈≈≈≈≈≈≈≈≈≈≈≈≈≈≈≈≈≈≈≈
≈≈≈≈≈#'#<≈≈≈≈.....≈≈≈≈≈≈≈≈≈≈≈≈≈≈≈
≈≈≈≈≈≈≈≈≈≈≈##≈#≈≈≈.≈≈≈≈≈≈≈≈≈≈≈≈.≈
≈≈≈≈≈≈≈≈≈≈≈#######..≈≈..≈≈≈≈≈≈≈..
.≈≈≈≈≈≈≈≈###≈≈ #≈##≈≈≈≈≈≈≈≈≈≈≈≈(.
.....≈≈≈≈##≈≈m≈≈≈≈#.≈≈≈≈≈≈≈≈≈≈≈≈≈
......≈≈≈≈#≈≈#≈#..##≈≈≈≈≈≈≈≈≈≈≈≈≈
.......≈≈##≈≈≈[t≈###≈≈≈≈≈≈≈≈≈≈≈≈≈
.......≈≈###≈#≈#@##≈≈≈≈≈≈≈≈≈≈≈≈≈≈
........≈≈#≈≈(≈≈≈≈#≈≈≈≈≈≈.(.≈≈≈≈≈
........≈###≈##≈≈≈#≈≈≈≈≈≈.(≈≈<≈≈.
.........≈≈#######..(≈≈..........
...........##≈###≈...............
≈≈≈≈.........≈≈≈≈≈..............#
≈≈≈≈≈≈≈≈.....≈≈≈≈...........(####
≈≈≈≈≈≈≈≈≈≈≈≈≈≈≈≈≈≈....<.....#...#
≈≈≈≈≈≈≈≈≈≈≈≈≈≈≈≈≈≈.........##...≈


You could see an alligator snapping turtle (extremely poisoned) and a merfolk
avatar (mesmerising).


Message History

The merfolk avatar chants its luring song.
You puncture the alligator snapping turtle!
The alligator snapping turtle looks as sick as possible!
You tail-slap the alligator snapping turtle, but do no damage.
The alligator snapping turtle is moderately wounded.
The alligator snapping turtle bites you!!
* * * LOW HITPOINT WARNING * * *
You hit the alligator snapping turtle.
The alligator snapping turtle looks as sick as possible!
You tail-slap the alligator snapping turtle, but do no damage.
The alligator snapping turtle is moderately wounded.
Unknown command.
You feel much better.
The merfolk avatar chants its luring song.
The alligator snapping turtle bites you but does no damage.
You cannot move away from the merfolk avatar!
Unknown command.
Okay, then.
Your +4 trident of venom stops dripping with poison.
You feel a sense of dread.
a - a +3 vampiric trident (weapon)
The merfolk avatar chants its luring song.
You puncture the alligator snapping turtle!
The alligator snapping turtle is moderately wounded.
You hit the alligator snapping turtle but do no damage.
The alligator snapping turtle is moderately wounded.
You hit the alligator snapping turtle but do no damage.
The alligator snapping turtle is moderately wounded.
The alligator snapping turtle bites you!!
You die...

Skill      XL: |  1  2  3  4  5  6  7  8  9 10 11 12 13 14 15 16 17 |
---------------+----------------------------------------------------+-----
Polearms       | 5 6 8 9 10 12 14 16 | 16.7
Shields        | 4 6 11 13 | 13.3
Dodging        | 6 11 12 | 12.0
Invocations    | 3 7 10 11 | 11.9
Fighting       | 6 9 11 | 11.2
Evocations     | 6 10 | 10.0
Armour         | 5 10 | 10.0
Stealth        | 8 |  8.9
Spellcasting   | 1 5 |  5.5
Throwing       | |  2.0

Action                   |  1- 3 |  4- 6 |  7- 9 | 10-12 | 13-15 | 16-18 || total
-------------------------+-------+-------+-------+-------+-------+-------++-------
Melee: Trident           |   112 |   288 |   343 |  1057 |  1482 |  1374 ||  4656
       Tailslap          |       |       |       |       |    25 |    82 ||   107
       Scythe            |       |       |       |       |   120 |       ||   120
       Demon trident     |       |       |       |       |       |     7 ||     7
Throw: Throwing net      |       |     1 |       |       |       |       ||     1
       Dart              |       |       |     4 |       |       |       ||     4
Invok: Heroism           |       |       |       |     4 |    17 |    11 ||    32
       Finesse           |       |       |       |     2 |     8 |     7 ||    17
Evoke: Wand              |       |       |       |       |    18 |    16 ||    34
  Use: Scroll            |       |    15 |     6 |     8 |    17 |     7 ||    53
       Potion            |       |       |     4 |     4 |     6 |     4 ||    18
 Stab: Sleeping          |     2 |     2 |     1 |     1 |       |       ||     6
       Paralysed         |       |     2 |       |       |       |       ||     2
       Distracted        |       |       |       |     1 |     1 |       ||     2
       Invisible         |       |       |       |       |     1 |       ||     1
Armor: Leather armour    |     7 |     7 |    63 |    19 |       |       ||    96
       Ring mail         |    17 |    55 |       |       |       |       ||    72
       Plate armour      |       |    42 |       |       |       |       ||    42
       Chain mail        |       |       |       |   226 |    60 |       ||   286
       Crystal plate arm |       |       |       |       |   706 |   743 ||  1449
Dodge: Dodged            |    71 |   119 |   135 |   398 |   481 |   310 ||  1514
Block: Buckler           |       |       |    24 |   165 |   240 |       ||   429
       Kite shield       |       |       |       |       |   157 |   723 ||   880
       Reflection        |       |       |       |       |     8 |    36 ||    44

Levels and vault maps discovered:
D:1:      sevenhm_arrival_forest_fort_large_4, layout_basic
D:2:      layout_loops_ring, lightli_temple_of_fire, minmay_misc_feat_hallway
D:3:      layout_rooms, minmay_box_of_dots, uniq_terence
D:4:      layout_loops_ring, lemuel_doored_altar,
          nicolae_ru_great_annihilating_truth
D:5:      layout_rooms, grunt_temple_overflow_gold_and_silver, serial_shops,
          nicolae_shop_statue_plus
D:6:      layout_cave_pools, gammafunk_ghost_split, hangedman_decor_riveting,
          uniq_duvessa, uniq_blork_the_orc
D:7:      layout_basic, lemuel_round_altar, overflow_temple_1_default,
          minmay_temple_entry_sparse_star, kb_rosetta, uniq_maggie
D:8:      layout_loops_ring, elyvilon_altar_3, serial_shops,
          nicolae_shop_statue_plus, minmay_misc_feat_rows,
          david_defended_altar_orc
D:9:      cheibrodos_shockbox, layout_long_grid, david_orc_4
D:10:     kennysheep_spiral_hall, layout_loops_cross, hangedman_tell_no_tales,
          uniq_maurice, uniq_erica, uniq_grum, uniq_fannar
D:11:     layout_basic, erik_lair_orcish_takeover, basic_altar, serial_shops,
          shop, nicolae_shop_stone, nicolae_shop_trees, shop, chequers_jeans,
          chequers_serial_rivers_micro_d
Temple:   nicolae_temple_great_sept
Lair:1:   layout_misc_corridors, minivault_27, st_stairs_11
Lair:2:   layout_chaotic_city, st_stairs_4, lemuel_fruit_fields
Lair:3:   layout_gridlike, roderic_batcave, grunt_megastairs_4,
          minmay_lair_oklob_chamber
Lair:4:   layout_cave_pods, minmay_shoals_entry_hut,
          minmay_snake_entry_guardpost_small, nicolae_volcano_entry_two_sided,
          lemuel_fruit_fields, serial_bayou_shore_a
Lair:5:   layout_cellular_growth, cheibrodos_lair_caveside_slide,
          grunt_megastairs_3, infiniplex_staircase_pool, uniq_urug
Lair:6:   gammafunk_lair_ancient_temple, layout_layer_cave,
          dpeg_slime_entry_enclosed_altar
Shoals:1: layout_shoals, uniq_donald
Shoals:2: layout_shoals
Shoals:3: layout_shoals, uniq_ilsuiw
Shoals:4: shoals_end_grunt_ice, layout_shoals, serial_shops,
          nicolae_shop_behind_doors, uniq_polyphemus
Orc:1:    layout_caves, led_sif_book
Orc:2:    kennysheep_orc_mage_school, layout_diamond_mine, ebering_ghost_xom,
          basic_altar, nicolae_orc_pool_cavern

Notes
Turn   | Place    | Note
-------+----------+-------------------------------------------
     0 | D:1      | Dracia the Merfolk Gladiator began the quest for the Orb.
     0 | D:1      | Reached XP level 1. HP: 16/16 MP: 1/1
   220 | D:1      | Reached skill level 5 in Polearms
   220 | D:1      | Reached XP level 2. HP: 16/22 MP: 2/2
   560 | D:1      | Reached skill level 6 in Polearms
   560 | D:1      | Reached XP level 3. HP: 27/27 MP: 3/3
  1435 | D:2      | Reached XP level 4. HP: 28/33 MP: 4/4
  1510 | D:2      | Reached skill level 7 in Polearms
  1933 | D:2      | Reached skill level 8 in Polearms
  1945 | D:2      | Reached XP level 5. HP: 38/38 MP: 5/5
  1960 | D:2      | Found a bloodstained altar of Trog.
  2599 | D:3      | Noticed Terence
  2616 | D:3      | Killed Terence
  2617 | D:3      | Reached skill level 9 in Polearms
  2955 | D:4      | Reached XP level 6. HP: 44/44 MP: 6/6
  2984 | D:4      | Reached skill level 10 in Polearms
  3052 | D:4      | Found a shadowy altar of Dithmenos.
  3296 | D:4      | Found a sacrificial altar of Ru.
  3681 | D:5      | Entered Level 5 of the Dungeon
  3691 | D:4      | Reached XP level 7. HP: 50/50 MP: 7/7
  3706 | D:5      | Reached skill level 11 in Polearms
  3999 | D:5      | Found Bididd's Assorted Antiques.
  4299 | D:5      | Found a glowing silver altar of Zin.
  4299 | D:5      | Found an opulent altar of Gozag.
  4397 | D:6      | Reached skill level 12 in Polearms
  4435 | D:6      | Noticed Blork the orc
  4708 | D:6      | Reached XP level 8. HP: 56/56 MP: 8/8
  4747 | D:6      | Reached skill level 13 in Polearms
  4771 | D:6      | Killed Blork the orc
  5011 | D:6      | Reached skill level 1 in Shields
  5013 | D:6      | Reached skill level 14 in Polearms
  5083 | D:6      | Found a runed translucent gate.
  5083 | D:6      | Found a runed translucent gate.
  5083 | D:6      | Found a runed translucent gate.
  5091 | D:6      | Noticed vurker's ghost (novice GnEn)
  5103 | D:6      | Reached skill level 2 in Shields
  5103 | D:6      | Gained mutation: Your spells are a little harder to cast,
                  | but a little more powerful. [potion of mutation]
  5103 | D:6      | Gained mutation: Your flesh is cold resistant. (rC+)
                  | [potion of mutation]
  5190 | D:6      | Reached skill level 3 in Shields
  5437 | D:6      | Noticed Dowan
  5445 | D:6      | Killed Dowan
  5446 | D:6      | Noticed Duvessa
  5466 | D:6      | Killed Duvessa
  5467 | D:6      | Reached skill level 4 in Shields
  5617 | D:7      | Found a staircase to the Ecumenical Temple.
  5621 | D:7      | Noticed Maggie
  5639 | D:7      | HP: 5/56 [Maggie/bolt of fire (19)]
  5641 | D:7      | Killed Maggie
  5642 | D:7      | Reached skill level 6 in Dodging
  5642 | D:7      | Reached XP level 9. HP: 6/61 MP: 9/9
  5922 | D:7      | Reached skill level 7 in Dodging
  5982 | Temple   | Entered the Ecumenical Temple
  6057 | Temple   | Became a worshipper of Warmaster Okawaru
  6265 | D:7      | Found a basalt altar of Yredelemnul.
  6278 | D:7      | Found a hazy altar of Hepliaklqana.
  6309 | D:7      | Noticed a two-headed ogre
  6366 | D:7      | Killed a two-headed ogre
  6366 | D:7      | Reached * piety under Okawaru
  6367 | D:7      | Reached skill level 10 in Dodging
  6484 | D:7      | Reached skill level 1 in Invocations
  6553 | D:7      | Reached ** piety under Okawaru
  6585 | D:7      | Reached skill level 2 in Invocations
  6590 | D:7      | Reached skill level 11 in Dodging
  6665 | D:7      | Reached skill level 3 in Invocations
  6665 | D:7      | Reached XP level 10. HP: 60/67 MP: 10/12
  7174 | D:8      | Reached skill level 4 in Invocations
  7352 | D:8      | Found a white marble altar of Elyvilon.
  7504 | D:8      | Found Hikhluoso's Magic Scroll Emporium.
  7513 | D:8      | Bought a scroll of magic mapping for 52 gold pieces
  7748 | D:8      | Reached skill level 12 in Dodging
  7797 | D:8      | Found a roughly hewn altar of Beogh.
  8107 | D:9      | Reached *** piety under Okawaru
  8108 | D:9      | Reached skill level 5 in Invocations
  8180 | D:9      | Found a runed translucent door.
  8180 | D:9      | Noticed a sixfirhy
  8256 | D:9      | Reached skill level 3 in Fighting
  8518 | D:9      | Reached skill level 4 in Fighting
  8523 | D:9      | Reached skill level 6 in Invocations
  8595 | D:9      | Found a staircase to the Orcish Mines.
  8862 | D:9      | Reached skill level 5 in Fighting
  8881 | D:9      | Reached skill level 7 in Invocations
  8888 | D:9      | Reached **** piety under Okawaru
  9078 | D:9      | Reached skill level 6 in Fighting
  9088 | D:9      | Reached XP level 11. HP: 45/81 MP: 16/16
  9347 | D:10     | Entered Level 10 of the Dungeon
  9605 | D:10     | Noticed Erica
  9621 | D:10     | HP: 8/83 [rock wall collision (19)]
  9625 | D:10     | Killed Erica
  9626 | D:10     | Reached skill level 7 in Fighting
  9626 | D:10     | Reached skill level 8 in Invocations
 10133 | D:10     | Noticed Grum
 10144 | D:10     | Killed Grum
 10182 | D:10     | Reached ***** piety under Okawaru
 10275 | D:10     | Received a gift from Okawaru
 10276 | D:10     | Reached skill level 9 in Invocations
 10386 | D:10     | Noticed Maurice
 10388 | D:10     | Noticed Fannar
 10390 | D:10     | Noticed a brown ugly thing
 10409 | D:10     | Killed Maurice
 10410 | D:10     | Reached skill level 8 in Fighting
 10419 | D:10     | Killed a brown ugly thing
 10504 | D:10     | Killed Fannar
 10515 | D:10     | Noticed a seven-headed hydra
 10534 | D:10     | Killed a seven-headed hydra
 10535 | D:10     | Reached skill level 9 in Fighting
 10535 | D:10     | Reached skill level 10 in Invocations
 11091 | D:11     | Found a glowing silver altar of Zin.
 11170 | D:11     | Noticed a red ugly thing
 11196 | D:11     | Killed a red ugly thing
 11480 | D:11     | Found Orchoesaysm's Book Shop.
 11531 | D:11     | Reached XP level 12. HP: 97/97 MP: 19/19
 11637 | D:11     | Found Ygoimuh's Antique Weapon Boutique.
 11667 | D:11     | Found Jadut's General Store.
 11685 | D:11     | Found a staircase to the Lair.
 11805 | D:11     | Found Zacoer's Book Shop.
 11975 | Lair:1   | Entered Level 1 of the Lair of Beasts
 11975 | Lair:1   | Noticed a seven-headed hydra
 11990 | Lair:1   | Killed a seven-headed hydra
 11991 | Lair:1   | Reached skill level 10 in Fighting
 12048 | Lair:1   | Noticed a five-headed hydra
 12061 | Lair:1   | Reached skill level 11 in Invocations
 12080 | Lair:1   | Killed a five-headed hydra
 12670 | Lair:1   | Received a gift from Okawaru
 12770 | Lair:1   | Reached skill level 11 in Fighting
 13199 | Lair:1   | Reached skill level 1 in Evocations
 13213 | Lair:1   | Reached skill level 2 in Evocations
 13410 | Lair:1   | Got a faintly glowing ring mail {god gift}
 13411 | Lair:1   | Identified the +1 ring mail "Qafifept" {*Corrode rPois
                  | Regen+ Stlth+} (Okawaru gifted it to you on level 1 of the
                  | Lair of Beasts)
 13464 | Lair:2   | Reached skill level 3 in Evocations
 13539 | Lair:1   | Reached skill level 4 in Evocations
 13639 | Lair:2   | Reached ****** piety under Okawaru
 13773 | Lair:2   | Reached skill level 5 in Evocations
 13821 | Lair:2   | Reached skill level 6 in Evocations
 14108 | Lair:2   | Reached XP level 13. HP: 100/106 MP: 21/21
 14115 | Lair:2   | Reached skill level 7 in Evocations
 14737 | Lair:2   | Reached skill level 8 in Evocations
 15280 | Lair:3   | Reached skill level 9 in Evocations
 15747 | Lair:3   | Received a gift from Okawaru
 15762 | Lair:3   | Identified a +2 crystal plate armour (Okawaru gifted it to
                  | you on level 3 of the Lair of Beasts)
 16221 | Lair:4   | Found a staircase to the Snake Pit.
 16483 | Lair:4   | Reached skill level 10 in Evocations
 16675 | Lair:4   | Reached skill level 1 in Armour
 16702 | Lair:4   | Reached skill level 2 in Armour
 17273 | Lair:4   | Identified a potion of resistance
 17393 | Lair:4   | Reached skill level 3 in Armour
 18275 | Lair:4   | Found a staircase to the Shoals.
 18449 | Lair:5   | Reached skill level 4 in Armour
 18596 | Lair:5   | Noticed Urug
 18615 | Lair:5   | Killed Urug
 19355 | Lair:5   | Reached skill level 5 in Armour
 20064 | Orc:1    | Entered Level 1 of the Orcish Mines
 20286 | Orc:1    | Found a shimmering blue altar of Sif Muna.
 20388 | Orc:1    | Reached XP level 14. HP: 113/113 MP: 22/22
 20546 | Orc:1    | Identified Sif Muna's Handbook of Weightlessness
 20668 | Orc:2    | Entered Level 2 of the Orcish Mines
 20711 | Orc:2    | Reached skill level 6 in Armour
 20784 | Orc:2    | Found a runed translucent door.
 20784 | Orc:2    | Found a shimmering altar of Xom.
 20784 | Orc:2    | Noticed PanSaczeczos's ghost (journeyman TeFE)
 20792 | Orc:2    | Identified the +3 long sword of Kyrhul Wuan {chaos, +Fly}
 20803 | Orc:2    | Found a roughly hewn altar of Beogh.
 20896 | Orc:2    | Found a staircase to the Elven Halls.
 21307 | Orc:2    | Found a radiant altar of Vehumet.
 21311 | Orc:2    | Received a gift from Okawaru
 21333 | Orc:2    | Paralysed by an ogre mage for 4 turns
 21341 | Orc:2    | Reached skill level 7 in Armour
 21769 | Orc:2    | Found Guofuh's Antique Weapon Emporium.
 21781 | Orc:2    | Paralysed by an orc sorcerer for 7 turns
 21816 | Orc:2    | Found an ancient bone altar of Kikubaaqudgha.
 21823 | Orc:2    | Found Viessozeu's Antique Weapon Shoppe.
 21866 | Orc:2    | Identified a +2 robe of resistance
 21881 | Orc:2    | Received a gift from Okawaru
 21934 | Orc:2    | Found a roughly hewn altar of Beogh.
 21972 | Orc:2    | Found Ofyonk's Book Emporium.
 21979 | Orc:2    | Found Anytumis's Distillery.
 22553 | Lair:6   | Entered Level 6 of the Lair of Beasts
 22622 | Lair:6   | Reached skill level 8 in Armour
 23108 | Lair:6   | Found the +5 scythe "Finisher" {speed, eviscerate}
 23181 | Lair:6   | Reached skill level 9 in Armour
 24475 | Lair:6   | Reached skill level 10 in Armour
 24503 | Lair:6   | Noticed a dire elephant
 24538 | Lair:6   | Killed a dire elephant
 24982 | Lair:6   | Reached XP level 15. HP: 112/119 MP: 17/23
 24985 | Lair:6   | Reached skill level 15 in Polearms
 24995 | Lair:6   | Received a gift from Okawaru
 25032 | Lair:6   | Reached skill level 16 in Polearms
 25041 | Lair:6   | Got a twisted hunting sling {god gift}
 25048 | Lair:6   | Identified the +8 hunting sling "Baimoick" {venom, *Drain
                  | Int+8} (Okawaru gifted it to you on level 6 of the Lair of
                  | Beasts)
 25437 | Lair:6   | Found a viscous altar of Jiyva.
 25437 | Lair:6   | Found a staircase to the Slime Pits.
 25885 | Shoals:1 | Entered Level 1 of the Shoals
 26099 | Shoals:1 | Reached skill level 1 in Stealth
 26106 | Shoals:1 | Reached skill level 2 in Stealth
 26111 | Shoals:1 | Received a gift from Okawaru
 26172 | Shoals:1 | Reached skill level 3 in Stealth
 26678 | Shoals:1 | Reached skill level 4 in Stealth
 27182 | Shoals:1 | Reached skill level 5 in Stealth
 27193 | Shoals:1 | Noticed Donald
 27222 | Shoals:1 | Killed Donald
 27223 | Shoals:1 | Reached skill level 6 in Stealth
 28062 | Shoals:2 | HP: 11/119 [harpy (4)]
 28070 | Shoals:2 | HP: 11/119 [poisoned by a sea snake]
 28079 | Shoals:2 | HP: 11/119 [poisoned by a sea snake]
 28478 | Shoals:2 | Reached skill level 7 in Stealth
 28478 | Shoals:2 | Reached skill level 5 in Shields
 28632 | Shoals:2 | Got a faintly glowing tin ring
 28633 | Shoals:2 | Identified the ring of Hamev {+Fly Int+4} (You found it on
                  | level 2 of the Shoals)
 28647 | Shoals:2 | Received a gift from Okawaru
 28878 | Shoals:2 | Reached skill level 8 in Stealth
 29062 | Shoals:2 | Reached skill level 6 in Shields
 29193 | Shoals:2 | Noticed a kraken
 29300 | Shoals:2 | Killed a kraken
 29433 | Shoals:2 | Identified the ring of Qofuto {Wiz Will+ Dex+3 Stlth+}
 30070 | Shoals:3 | Reached skill level 1 in Spellcasting
 30070 | Shoals:3 | Reached XP level 16. HP: 30/125 MP: 24/24
 30491 | Shoals:3 | Reached skill level 7 in Shields
 30561 | Shoals:2 | HP: 12/125 [poisoned by a sea snake]
 30569 | Shoals:2 | HP: 12/125 [poisoned by a sea snake]
 30577 | Shoals:2 | HP: 12/125 [poisoned by a sea snake]
 31015 | Shoals:3 | Noticed Ilsuiw
 31032 | Shoals:3 | Reached skill level 2 in Spellcasting
 31292 | Shoals:3 | HP: 11/125 [Ilsuiw/shard of ice (34)]
 31301 | Shoals:3 | Killed Ilsuiw
 31302 | Shoals:3 | Reached skill level 3 in Spellcasting
 31752 | Shoals:3 | Reached skill level 8 in Shields
 31895 | Shoals:3 | Reached skill level 4 in Spellcasting
 33165 | Shoals:3 | Reached skill level 5 in Spellcasting
 33685 | Shoals:4 | Entered Level 4 of the Shoals
 33985 | Shoals:4 | Reached skill level 9 in Shields
 34822 | Shoals:4 | Received a gift from Okawaru
 35329 | Shoals:4 | Noticed Polyphemus
 35683 | Shoals:3 | Reached skill level 10 in Shields
 36419 | Shoals:3 | Killed Polyphemus
 37256 | Shoals:4 | Reached skill level 11 in Shields
 37803 | Shoals:4 | Reached XP level 17. HP: 51/131 MP: 21/25
 37886 | Shoals:4 | Reached skill level 12 in Shields
 39011 | Shoals:4 | Received a gift from Okawaru
 39020 | Shoals:4 | Got a barnacled rune of Zot
 39233 | Shoals:4 | Reached skill level 13 in Shields
 39612 | Shoals:4 | Found Bacvetue's Assorted Antiques.
 40080 | Shoals:4 | HP: 6/131 [alligator snapping turtle (30)]
 40086 | Shoals:4 | Slain by an alligator snapping turtle

Vanquished Creatures
  A kraken (Shoals:2)
  Polyphemus (Shoals:3)
  Donald (Shoals:1)
  Ilsuiw (Shoals:3)
  A dire elephant (Lair:6)
  4 merfolk javelineers (Shoals:4)
  10 merfolk impalers
  Fannar (D:10)
  3 ogre magi (Orc:2)
  A boulder beetle (Lair:2)
  14 hydras
  9 merfolk avatars
  A catoblepas (Shoals:3)
  Erica (D:10)
  A merfolk aquamancer (Shoals:3)
  An alligator snapping turtle (Shoals:4)
  2 two-headed ogres
  3 satyrs (Shoals:4)
  13 death yaks
  Urug (Lair:5)
  13 sea snakes
  A kraken simulacrum (Shoals:4)
  25 harpies
  11 manticores
  3 cyclopes
  2 ugly things
  14 fauns
  7 orc sorcerers (Orc:2)
  Maurice (D:10)
  4 black mambas
  14 merfolk sirens
  10 elephants
  12 water nymphs
  A gargoyle (D:10)
  Maggie (D:7)
  12 cane toads
  6 rime drakes
  12 komodo dragons
  3 polar bears
  27 merfolk
  4 trolls
  7 wind drakes
  A slime creature (D:7)
  8 blink frogs
  11 snapping turtles
  8 dream sheep
  40 yaks
  4 basilisks
  Grum (D:10)
  7 water elementals
  7 wyverns
  4 wargs
  4 nagas (Lair:4)
  An acid dragon (D:11)
  24 water moccasins
  Duvessa (D:6)
  12 orc warriors
  A sky beast (D:10)
  2 ice beasts
  2 necrophages
  8 ogres
  3 phantoms
  2 black bears
  6 centaurs
  13 wolves
  An eye of draining (D:10)
  2 big kobolds
  22 bullfrogs
  Blork the orc (D:6)
  2 gnoll sergeants
  5 scorpions
  Dowan (D:6)
  12 killer bees
  A troll skeleton (D:10)
  3 wights (D:6)
  5 spriggan skeletons (D:10)
  2 vampire bats (Lair:3)
  6 electric eels
  2 howler monkeys (D:7)
  4 hounds
  A centaur zombie (D:8)
  A bullfrog skeleton (D:10)
  36 orc wizards
  A gnoll shaman (D:4)
  19 orc priests
  4 jellies
  A centaur skeleton (D:10)
  Terence (D:3)
  An iguana (D:9)
  10 worker ants
  2 hound skeletons
  2 worker ant zombies
  17 gnolls
  2 howler monkey zombies (D:7)
  11 adders
  3 white imps
  2 ufetubi
  An ooze (D:1)
  An adder zombie (D:7)
  An adder skeleton (D:7)
  3 worms
  3 dart slugs
  6 leopard geckos
  68 orcs
  18 bats
  9 giant cockroaches
  9 hobgoblins
  15 jackals
  12 kobolds
  6 quokkas
  2 ball pythons (D:4)
  6 frilled lizards
  11 goblins
  A leopard gecko skeleton (D:4)
  A leopard gecko zombie (D:6)
  10 rats
  2 tentacles (Shoals:2)
798 creatures vanquished.

Vanquished Creatures (others)
  An orc wizard (Orc:2)
  An ufetubus (D:10)
  47 fungi
  187 plants
  30 tentacles
266 creatures vanquished.

Grand Total: 1064 creatures vanquished

Table legend: (Time is in decaauts)
 A = Elapsed time spent in this place.
 B = Non-inter-level travel time spent in this place.
 C = Inter-level travel time spent in this place.
 D = Time resting spent in this place.
 E = Time spent auto-exploring this place.
 F = Levels seen in this place.
 G = Mean time per level.
                   A        B        C        D        E       F      G
               +--------+--------+--------+--------+--------+-----+--------+
         Total |  37507 |  35910 |   1597 |  11714 |  18270 |  24 | 1562.8 |
       Dungeon |  11563 |  10750 |    813 |   1117 |   7681 |  11 | 1051.2 |
        Temple |     87 |     72 |     15 |      0 |     69 |   1 |   87.0 |
          Lair |  10914 |  10488 |    426 |   3052 |   6101 |   6 | 1819.0 |
        Shoals |  12701 |  12591 |    110 |   7235 |   3132 |   4 | 3175.2 |
  Orcish Mines |   2240 |   2008 |    232 |    309 |   1285 |   2 | 1120.0 |
               +--------+--------+--------+--------+--------+-----+--------+

Top non-repeatable levels by time:
Shoals:3: 3709 daAuts
Shoals:4: 3669 daAuts
Shoals:2: 3225 daAuts
  Lair:6: 2692 daAuts
  Lair:4: 2259 daAuts
Shoals:1: 2098 daAuts
  Lair:5: 1843 daAuts
    D:10: 1767 daAuts
   Orc:2: 1613 daAuts
  Lair:1: 1533 daAuts
  Lair:2: 1454 daAuts
     D:1: 1318 daAuts
     D:6: 1310 daAuts
  Lair:3: 1131 daAuts
     D:9: 1125 daAuts

Table legend:
 A = Non-vault XP
 B = Vault XP
 C = Vault XP percentage of total XP
 D = Non-vault monster count
 E = Vault monster count
 F = Vault count percentage of total count
                 A         B        C        D         E       F
            +---------+---------+-------+---------+---------+-------
      Total |  140917 |   60179 |  29.9 |     622 |     174 |  21.9
            +---------+---------+-------+---------+---------+-------
        D:1 |      60 |       0 |   0.0 |      28 |       0 |   0.0
        D:2 |     128 |       0 |   0.0 |      29 |       0 |   0.0
        D:3 |      68 |      42 |  38.2 |      32 |       3 |   8.6
        D:4 |     282 |      48 |  14.5 |      14 |       4 |  22.2
        D:5 |     294 |       0 |   0.0 |      18 |       0 |   0.0
        D:6 |     994 |     302 |  23.3 |      27 |       3 |  10.0
        D:7 |     962 |    1893 |  66.3 |      29 |       5 |  14.7
        D:8 |     914 |     128 |  12.3 |      24 |       3 |  11.1
        D:9 |    2476 |     736 |  22.9 |      28 |      17 |  37.8
       D:10 |    3326 |    3756 |  53.0 |      31 |      15 |  32.6
       D:11 |    1840 |     621 |  25.2 |      20 |       8 |  28.6
     Lair:1 |    8302 |     927 |  10.0 |      29 |       3 |   9.4
     Lair:2 |    7538 |       0 |   0.0 |      24 |       0 |   0.0
     Lair:3 |    4205 |     122 |   2.8 |      19 |       7 |  26.9
     Lair:4 |    6080 |     887 |  12.7 |      22 |       5 |  18.5
     Lair:5 |    4503 |    1165 |  20.6 |      13 |       3 |  18.8
     Lair:6 |   21103 |   10831 |  33.9 |      49 |      26 |  34.7
   Shoals:1 |    9291 |    2051 |  18.1 |      19 |       1 |   5.0
   Shoals:2 |   24377 |       0 |   0.0 |      45 |       0 |   0.0
   Shoals:3 |   16182 |   11578 |  41.7 |      33 |      12 |  26.7
   Shoals:4 |   24226 |   17244 |  41.6 |      44 |      24 |  35.3
      Orc:1 |    1660 |      74 |   4.3 |      22 |       2 |   8.3
      Orc:2 |    2106 |    7774 |  78.7 |      23 |      33 |  58.9
            +---------+---------+-------+---------+---------+-------
